 Dungeon Crawl Stone Soup version 0.28.0-55-gcd9437bce4 (webtiles) character file.

Game seed: 12380286837988426230

319 cbfl8 the Poker (level 6, -2/47 HPs)
             Began as a Merfolk Gladiator on Jan 9, 2023.
             Slain by a killer bee (7 damage)
             ... on level 4 of the Dungeon.
             The game lasted 00:04:16 (3195 turns).

cbfl8 the Poker (Merfolk Gladiator)                 Turns: 3195, Time: 00:04:17

Health: -2/47      AC:  8    Str: 16    XL:     6   Next: 45%
Magic:  6/6        EV: 11    Int:  7    God:
Gold:   102        SH:  0    Dex: 16    Spells: 5/5 levels left

rFire   x . .      SeeInvis .   a - +0 trident
rCold   + + .      Faith    .   (no shield)
rNeg    . . .      Spirit   .   r - +0 scale mail
rPois   .          Reflect  .   c - +0 helmet
rElec   .          Harm     .   (no cloak)
rCorr   .          Rampage  .   (no gloves)
Will    .....                   h - +0 pair of boots
Stlth   ..........              k - amulet of regeneration
HPRegen 0.95/turn               o - ring of ice
MPRegen 0.10/turn               b - ring of protection from cold

@: lethally poisoned (-2 -> -7), about to teleport
A: (nimble swimmer 2), mertail
a: no special abilities


You were on level 4 of the Dungeon.
You visited 1 branch of the dungeon, and saw 4 of its levels.

You collected 102 gold pieces.

Inventory:

Hand Weapons
 a - a +0 trident (weapon)
Missiles
 d - 3 throwing nets (quivered)
Armour
 c - a +0 helmet (worn)
 h - a +0 pair of boots (worn)
 r - a +0 scale mail (worn)
Jewellery
 b - a ring of protection from cold (right hand)
 k - an amulet of regeneration (around neck)
 o - a ring of ice (left hand)
Scrolls
 e - a scroll of silence
 f - 2 scrolls of teleportation
 m - a scroll of enchant armour
 n - a scroll of fog {unknown}
 p - a scroll of amnesia {unknown}
 q - a scroll of blinking {unknown}
 s - a scroll of magic mapping {unknown}
 t - a scroll of brand weapon {unknown}
Potions
 g - a potion of lignification {unknown}
 i - 3 potions of attraction {unknown}
 j - 2 potions of cancellation {unknown}
 l - a potion of curing {unknown}


   Skills:
 * Level 3.0 Fighting
 * Level 7.5 Polearms
 - Level 2.0 Throwing
 + Level 1.5 Armour
 + Level 4.7 Dodging
 + Level 0.1 Stealth
 * Level 2.4 Evocations


You had 5 spell levels left.
You didn't know any spells.
Your spell library contained the following spells:

 Spells                   Type           Power      Damage    Failure   Level
 Pain                     Necr           0%         1d4       86%         1
 Corpse Rot               Necr/Air       0%         N/A       95%         2
 Dispel Undead            Necr           0%         3d6       100%        4
 Agony                    Necr           0%         N/A       100%        5
 Excruciating Wounds      Necr           0%         N/A       100%        5
 Death Channel            Necr           0%         N/A       100%        6


Dungeon Overview and Level Annotations

Branches:
Dungeon (4/15)
 Temple: D:4-7

Altars:
Ru

Annotations:
D:2 1 runed translucent door, Crazy Yiuf


Innate Abilities, Weirdness & Mutations

((You are very nimble when in or above water. (Stealth+, EV+, Speed+++)))
Your lower body shifts to a powerful aquatic tail in water.


Message History

You barely miss the killer bee.
The jackal bites you but does no damage.
The killer bee stings you.
You are poisoned.
The killer bee poisons you!
You closely miss the killer bee.
You feel sick.
The killer bee stings you but does no damage.
The jackal barely misses you.
An adder comes into view.
The killer bee closely misses you. The jackal closely misses you.
You closely miss the killer bee.
You feel sick.
The adder hisses angrily.
The killer bee barely misses you. The killer bee stings you.
You are more poisoned.
The killer bee poisons you!
The jackal bites you but does no damage.
A jelly comes into view.
You feel very sick. The jackal bites you.
The killer bee stings you but does no damage.
As you read the scroll of teleportation, it crumbles to dust.
You feel strangely unstable.
You feel very sick.
The jelly quivers.
The killer bee stings you!
* * * LOW HITPOINT WARNING * * *
You are lethally poisoned!
The killer bee poisons you!
The jackal bites you but does no damage.
The killer bee closely misses you.
The jackal bites you but does no damage.
* * * LOW HITPOINT WARNING * * *
You feel very sick.
The killer bee stings you but does no damage.
The killer bee closely misses you.
* * * LOW HITPOINT WARNING * * *
You feel very sick.
The jackal bites you but does no damage.
The killer bee stings you!
You die...

...##..##.8..8^##..###....#
...#..##........##†.##....#
####†##..######..##.##...######
#.....## ##..#..#...'....#
#.##.## ##†##.#...#....# #....#
#..#.#..)#....# #.#).#
#..#.#...###..# #.##.#
##.##.#.######## #. #..
##@.#..#.'...# ##
##..#.####hy##.##.#...#
#.....J.S##..#..##..# .
#.8$.8$##..##....###
...########...#.....#
#^...........##.....#
#............##.....#
##.........÷###.....##
##........#.........#


You could see a jelly, a killer bee, an adder and a jackal.

Vanquished Creatures
  A howler monkey (D:4)
  2 orc priests
  A bullfrog skeleton (D:4)
  An iguana (D:4)
  7 adders
  An adder skeleton (D:4)
  2 worms
  A dart slug (D:1)
  7 orcs
  10 ball pythons
  4 endoplasms
  2 giant cockroaches (D:1)
  7 goblins
  8 hobgoblins
  11 jackals
  4 kobolds
  2 quokkas
  8 bats
  12 frilled lizards
  3 rats
  A spectral kobold (D:1)
95 creatures vanquished.

Notes
Turn   | Place    | Note
-------+----------+-------------------------------------------
     0 | D:1      | cbfl8 the Merfolk Gladiator began the quest for the Orb.
     0 | D:1      | Reached XP level 1. HP: 16/16 MP: 1/1
    84 | D:1      | Reached XP level 2. HP: 22/22 MP: 2/2
   429 | D:1      | Reached skill level 5 in Polearms
   467 | D:1      | Reached XP level 3. HP: 27/27 MP: 3/3
   548 | D:1      | Found a faded altar of an unknown god.
   776 | D:2      | Found a sacrificial altar of Ru.
   990 | D:2      | Reached skill level 1 in Evocations
  1181 | D:2      | Reached XP level 4. HP: 26/34 MP: 4/4
  1465 | D:2      | Found a runed translucent door.
  1466 | D:2      | Noticed Crazy Yiuf
  1759 | D:3      | Reached skill level 6 in Polearms
  2039 | D:3      | Reached skill level 1 in Armour
  2352 | D:3      | Reached XP level 5. HP: 39/39 MP: 5/5
  3059 | D:4      | Reached XP level 6. HP: 46/46 MP: 6/6
  3091 | D:4      | Reached skill level 7 in Polearms
  3195 | D:4      | Slain by a killer bee

Illustrated notes

Levels and vault maps discovered:
D:1:      elethiomel_arrival_infinity_welcomes_careful_drivers, layout_basic,
          dreamdust_ecumenical_altar_drowned_temple
D:2:      layout_loops_ring, basic_altar, minmay_lizard_pond,
          uniq_crazy_yiuf_cottage
D:3:      layout_rooms
D:4:      layout_gridville, serial_shops, nicolae_shop_waterfront,
          nzn_random_ring, uniq_sigmund

Skill      XL: |  1  2  3  4  5  6 |
---------------+-------------------+-----
Polearms       | 5 6 7 |  7.5
Evocations     | 1 2 |  2.4
Armour         | 1 |  1.5
Fighting       | 3 |  3.0
Throwing       | |  2.0
Dodging        | |  4.7
Stealth        | |  0.1

Action                   |  1- 3 |  4- 6 || total
-------------------------+-------+-------++-------
Melee: Trident           |   123 |   195 ||   318
       Punch             |     1 |     2 ||     3
  Use: Scroll            |       |     5 ||     5
 Stab: Distracted        |     1 |       ||     1
Armor: Leather armour    |     6 |       ||     6
       Ring mail         |    33 |    34 ||    67
       Scale mail        |       |    48 ||    48
Dodge: Dodged            |    56 |   121 ||   177
